 Dungeon Crawl Stone Soup version 0.17.0-25-gefc9c12 (webtiles) character file.

7155 4thArraOfDagon the Cleaver (level 11, -4/71 HPs)
             Began as a Gargoyle Berserker on Nov 18, 2015.
             Was a Priest of Trog.
             Slain by a troll (8 damage)
             ... led by an orc knight
             ... on level 2 of the Orcish Mines.
             The game lasted 00:20:40 (3438 turns).

4thArraOfDagon the Cleaver (Gargoyle Berserker)     Turns: 3438, Time: 00:20:40

Health: -4/71      AC: 26    Str: 27    XL:     11   Next: 10%
Magic:  11/11      EV:  8    Int:  8    God:    Trog [***...]
Gold:   315        SH:  0    Dex:  9    Spells: 0 memorised, 10 levels left

rFire  + . .     SeeInvis +     m - +0 battleaxe
rCold  . . .     Clarity  .     s - +0 plate armour
rNeg   + . .     SustAt   .     (shield currently unavailable)
rPois  ∞         Gourm    .     (no helmet)
rElec  +         Spirit   .     y - +2 cloak {rPois}
rCorr  .         Warding  .     J - +0 pair of gloves {Str+3}
rMut   .         Stasis   .     (no boots)
MR     +++++                    (no amulet)
Stlth  ..........               q - ring of see invisible
                                j - ring of protection from magic

@: exhausted, regenerating, almost entirely resistant to hostile enchantments,
extremely unstealthy
A: fire resistance 1, low mp 1, magic resistance 2, negative energy resistance
1, electricity resistance, unbreathing, petrification resistance, rot immunity,
AC +7
a: Berserk, Trog's Hand, Burn Spellbooks, Renounce Religion


You were on level 2 of the Orcish Mines.
You worshipped Trog.
Trog was most pleased with you.
You were not hungry.

You visited 2 branches of the dungeon, and saw 13 of its levels.

You collected 700 gold pieces.
You spent 385 gold pieces at shops.

Inventory:

Hand Weapons
 a - a +0 hand axe
 m - a +0 battleaxe (weapon)
Missiles
 E - 7 javelins of penetration (quivered)
Armour
 l - a +2 ring mail of fire resistance
 s - a +0 plate armour (worn)
 y - a +2 cloak of poison resistance (worn)
 J - a +0 pair of gloves of strength (worn)
Jewellery
 j - a ring of protection from magic (left hand)
 q - a ring of see invisible (right hand)
Wands
 r - a wand of slowing (25)
 t - a wand of digging (12)
 z - a wand of enslavement (10)
 C - a wand of random effects (20)
 F - a wand of magic darts (22)
Scrolls
 b - 4 scrolls of teleportation {unknown}
 e - 2 scrolls of immolation {unknown}
 h - a scroll of remove curse
 k - 3 scrolls of random uselessness {unknown}
 o - 2 scrolls of fog {unknown}
 p - 4 scrolls of enchant weapon
 u - a scroll of torment {unknown}
 x - a scroll of magic mapping
 A - 2 scrolls of identify
 H - a scroll of fear {unknown}
Potions
 g - 2 potions of cancellation
 i - 2 potions of brilliance
 n - 2 potions of berserk rage
 v - a potion of flight
 D - a potion of degeneration
Books
 w - a book of Envenomations

   Spells                             Type                      Level
   a - Spider Form                    Transmutation/Poison         3
   b - Alistair's Intoxication        Transmutation/Poison         4
   c - Olgreb's Toxic Radiance        Poison                       4
   d - Poisonous Cloud                Conjuration/Poison/Air       6
   Trog disapproves of the use of such an item.
Miscellaneous
 I - a lamp of fire (inert)
Comestibles
 c - 5 bread rations
 d - 4 chunks of flesh


   Skills:
 - Level 9.1 Fighting
 * Level 11.2 Axes
 + Level 9.4 Armour
 - Level 1.5 Dodging
 + Level 2.5 Evocations


You had 10 spell levels left.
You didn't know any spells.

Dungeon Overview and Level Annotations

Branches:
Dungeon (11/15)            Temple (0/1) D:4            Lair (0/8) D:9
    Orc (2/4) D:11

Altars:
Elyvilon
Ru

Shops:
D:5 [   D:7 !   D:10 =   Orc:2 *

Annotations:
D:9 Erica; Gravenous's ghost, novice TeAE
Orc:2 Maud


Innate Abilities, Weirdness & Mutations

You are resistant to torment.
Your stone body is resilient (AC +7).
You are immune to poison.
You resist negative energy.
You are resistant to electric shocks.
You can survive without breathing.
You are immune to petrification.
You are immune to rotting.
Your flesh is heat resistant.
Your magical capacity is low (-10% MP).
You are highly resistant to hostile enchantments.


Message History

Unknown command.
You feel yourself speed up.
Your ogre hits Maud with a giant club!!
Maud hits your ogre with an enchanted eveningstar!
Your ogre hits Maud with a giant club!!
The orc wizard casts a spell.
The orc wizard seems to speed up.
Your ogre misses the orc wizard.
Unknown command.
Unknown command.
Unknown command.
Your skin crawls.
You feel resistant to hostile enchantments.
You feel slightly more hungry.
You can no longer call in reinforcements.
The orc wizard hits your ogre with a dagger.
The orc knight hits your ogre with a great mace.
Your ogre hits Maud with a giant club. The troll bites you!
* * * LOW HITPOINT WARNING * * *
The troll claws you!
You die...

..##[.)............#.#
...#..........#.o.#.###
.......(..............##.##
.......)()......o.........#
.#.....<>)..........#..#.##
#<.............oO.......#
...............@o.#....##
.[.............TO.##.###
.)(........##.#.@..###
.†[.......####.....#
...........# ##...##
..[.......## #####
.[...###.## .[[..#.###
........# ........#
###....##


You could see Maud, an orc knight, a troll, 2 orc warriors, an orc wizard
(frenzied) and 2 friendly ogres.

Vanquished Creatures
  Urug (D:10)
  2 orc knights (Orc:1)
  The ghost of vatarom the Changer, a novice OpTm of Makhleb (D:6)
  3 trolls
  A wind drake (shapeshifter) (D:11)
  Prince Ribbit (D:5)
  A hungry ghost (D:6)
  4 yaks (D:10)
  14 orc warriors
  An ice beast (D:7)
  A phantom (D:7)
  A sky beast (D:4)
  A centaur (D:8)
  An ogre (D:6)
  4 giant frogs
  2 big kobolds
  Blork the orc (Orc:2)
  3 scorpions
  A water moccasin skeleton (D:5)
  5 killer bees
  A centaur zombie (D:10)
  2 hounds (D:4)
  2 iguanas
  4 jellies
  A giant frog skeleton (D:8)
  3 orc priests (Orc:1)
  16 orc wizards
  2 worker ants
  A killer bee zombie (D:6)
  A hound skeleton (D:8)
  A worker ant zombie (D:7)
  3 adders
  A worm (D:4)
  A giant gecko (D:4)
  82 orcs
  3 goblins
  2 hobgoblins
  5 jackals
  14 kobolds
  2 quokkas
  4 bats
  A giant cockroach (D:1)
  2 giant newts (D:4)
  A jackal zombie (D:7)
  2 rats (D:1)
206 creatures vanquished.

Vanquished Creatures (others)
  An adder (D:9)
  2 orcs (Orc:1)
3 creatures vanquished.

Grand Total: 209 creatures vanquished

Notes
Turn   | Place    | Note
--------------------------------------------------------------
     0 | D:1      | 4thArraOfDagon the Gargoyle Berserker began the quest for the Orb.
     0 | D:1      | Reached XP level 1. HP: 14/14 MP: 1/1
   236 | D:1      | Reached XP level 2. HP: 9/19 MP: 2/2
   412 | D:3      | Reached XP level 3. HP: 14/23 MP: 3/3
   451 | D:4      | Reached ** piety under Trog
   451 | D:4      | Reached XP level 4. HP: 26/29 MP: 4/4
   451 | D:4      | Reached skill level 4 in Fighting
   528 | D:4      | Reached XP level 5. HP: 15/33 MP: 5/5
   538 | D:4      | Noticed a sky beast
   580 | D:4      | Killed a sky beast
   586 | D:4      | Gained mutation: Your magical capacity is low (-10% MP). [mutagenic meat]
   587 | D:4      | Gained mutation: You are resistant to hostile enchantments. [mutagenic meat]
   589 | D:4      | Gained mutation: You are highly resistant to hostile enchantments. [mutagenic meat]
   590 | D:4      | Gained mutation: Your flesh is heat resistant. [mutagenic meat]
   650 | D:4      | Noticed a scorpion
   666 | D:4      | Killed a scorpion
   666 | D:4      | Reached XP level 6. HP: 25/39 MP: 5/5
   719 | D:5      | Entered Level 5 of the Dungeon
   880 | D:6      | Noticed a hungry ghost
   923 | D:5      | Reached skill level 5 in Axes
   976 | D:4      | Found a staircase to the Ecumenical Temple.
  1013 | D:5      | Found Otuafum's Antique Armour Emporium.
  1118 | D:6      | Noticed Prince Ribbit
  1119 | D:6      | Noticed vatarom's ghost (novice OpTm)
  1135 | D:5      | Killed Prince Ribbit
  1135 | D:5      | Reached skill level 5 in Fighting
  1135 | D:5      | Reached XP level 7. HP: 44/44 MP: 6/6
  1176 | D:6      | Killed vatarom's ghost
  1176 | D:6      | Reached skill level 6 in Axes
  1176 | D:6      | Reached skill level 5 in Armour
  1279 | D:6      | Reached XP level 8. HP: 51/51 MP: 7/7
  1416 | D:6      | Found a white marble altar of Elyvilon.
  1489 | D:6      | Killed a hungry ghost
  1503 | D:7      | Found Ziluexte's Distillery.
  1588 | D:7      | Found a sacrificial altar of Ru.
  1723 | D:7      | Reached skill level 7 in Axes
  1735 | D:7      | Reached XP level 9. HP: 50/56 MP: 8/8
  1790 | D:5      | Bought a glowing cloak for 94 gold pieces
  1928 | D:8      | Reached skill level 8 in Axes
  2177 | D:9      | Found a staircase to the Lair.
  2298 | D:10     | Entered Level 10 of the Dungeon
  2357 | D:10     | Found Pekigr Mozor's Jewellery Boutique.
  2359 | D:10     | Got a transparent falchion
  2379 | D:10     | Identified the +5 falchion of Xom {speed, *Drain +Inv Dex+2} (You found it on level 10 of the Dungeon)
  2403 | D:10     | Reached skill level 9 in Axes
  2405 | D:10     | Reached *** piety under Trog
  2461 | D:9      | Noticed Erica
  2472 | D:9      | Noticed Gravenous's ghost (novice TeAE)
  2494 | D:10     | Noticed a komodo dragon
  2571 | D:10     | Noticed Urug
  2591 | D:10     | Killed Urug
  2591 | D:10     | Reached XP level 10. HP: 65/65 MP: 9/9
  2639 | D:10     | Got a silken robe
  2680 | D:11     | Reached skill level 10 in Axes
  2722 | D:11     | Found a staircase to the Orcish Mines.
  2750 | Orc:1    | Entered Level 1 of the Orcish Mines
  2753 | Orc:1    | Noticed an orc knight
  2811 | Orc:1    | Killed an orc knight
  2895 | Orc:1    | Noticed an orc knight
  2907 | Orc:1    | Killed an orc knight
  2907 | Orc:1    | Reached skill level 1 in Evocations
  2916 | Orc:1    | HP: 1/66 [orc warrior/halberd of venom[an orc knight] (7)]
  2925 | Orc:1    | HP: 3/66 [orc warrior/halberd of venom[an orc knight] (5)]
  3175 | Orc:2    | Noticed Blork the orc
  3184 | Orc:2    | Reached **** piety under Trog
  3186 | Orc:2    | Killed Blork the orc
  3197 | Orc:2    | Reached XP level 11. HP: 58/71 MP: 11/11
  3206 | Orc:2    | Reached skill level 11 in Axes
  3338 | Orc:2    | Found Sat Ifir's General Store.
  3347 | Orc:2    | Bought a scroll of magic mapping for 45 gold pieces
  3347 | Orc:2    | Bought a +0 pair of gloves of strength for 149 gold pieces
  3347 | Orc:2    | Bought a scroll of enchant weapon for 97 gold pieces
  3430 | Orc:2    | Noticed Maud
  3433 | Orc:2    | Noticed an orc knight
  3438 | Orc:2    | Slain by a troll

Action                   |  1- 3 |  4- 6 |  7- 9 | 10-12 || total
-------------------------+-------+-------+-------+-------++-------
Melee: Hand axe          |    40 |    81 |   236 |       ||   357
       Battleaxe         |       |       |       |   207 ||   207
Invok: Berserk           |     4 |     3 |     9 |     7 ||    23
       Trog's Hand       |       |     4 |     4 |    12 ||    20
       Brothers in Arms  |       |       |       |     2 ||     2
Evoke: Wand              |       |       |       |     1 ||     1
       Lamp of fire      |       |       |       |     1 ||     1
  Use: Scroll            |       |     4 |     3 |       ||     7
       Potion            |       |       |     1 |     1 ||     2
  Eat: Chunk             |     2 |     9 |    14 |     9 ||    34
       Fruit             |       |     4 |       |       ||     4
       Beef jerky        |       |       |     1 |       ||     1
       Meat ration       |       |       |       |     1 ||     1
